Map: Catalyst LE

Players

lllllllllllI - Winner!

  • Race: Protoss Protoss
  • League: Master
  • Spawn Location: 11:00

KeNnY

  • Race: Zerg Zerg
  • League: Diamond
  • Spawn Location: 5:00

VOD

Have the link to the VOD?

Description

Time

  • Played on: Jan. 8, 2018, 12:09 a.m.
  • Length: 17:08
Show
View Real Time Build Order
Export as new Build Order

lllllllllllI Protoss - Winner!

Build Orders: Cannon Rush 

Get SALT Encoding   

  12  0:02  Probe  
  13  0:20  Pylon  
  13  0:25  Probe (Chrono Boost)  
  14  0:35  Probe (Chrono Boost)  
  15  0:51  Forge, Probe  
  16  1:03  Probe  
  17  1:15  Pylon, Probe  
  18  1:27  Probe  
  18  1:30  Assimilator  
  19  1:34  Assimilator  
  19  1:42  Photon Cannon  
  19  1:43  Photon Cannon  
  19  1:46  Photon Cannon  
  19  1:49  Probe  
  20  2:00  Photon Cannon  
  20  2:17  Probe  
  21  2:23  Gateway  
  21  2:25  Pylon  
  21  2:28  Pylon  
  21  2:29  Probe (Chrono Boost)  
  22  2:30  Photon Cannon  
  22  2:40  Probe (Chrono Boost)  
  23  2:45  Probe (Chrono Boost)  
  24  3:01  Photon Cannon  
  24  3:04  Photon Cannon  
  24  3:22  Nexus  
  24  3:26  Cybernetics Core  
  24  3:27  Probe  
  24  3:29  Zealot (Chrono Boost)  
  27  3:48  Zealot (Chrono Boost)  
  29  4:01  Nexus  
  29  4:09  Pylon  
  29  4:11  Probe  
  30  4:23  Probe  
  31  4:29  Pylon  
  31  4:36  Probe x2, Assimilator  
  33  4:47  Photon Cannon  
  33  4:48  Assimilator  
  31  5:16  Stargate  
  31  5:18  Stargate  
  31  5:22  Assimilator  
  31  5:27  Assimilator  
  28  5:33  Pylon  
  31  6:04  Void Ray (Chrono Boost)  
  31  6:05  Void Ray (Chrono Boost)  
  35  6:33  Void Ray (Chrono Boost)  
  35  6:43  Void Ray  
  39  6:47  Pylon  
  39  7:07  Void Ray  
  43  7:33  Void Ray  
  47  7:38  Pylon  
  47  7:49  Pylon  
  47  7:56  Void Ray  
  51  8:31  Fleet Beacon  
  55  8:50  Forge  
  51  9:34  Pylon  
  51  9:36  Pylon  
  51  9:37  Pylon  
  51  9:51  Tempest x2  
  63  9:58  Pylon  
  63  9:59  Pylon  
  63  10:12  Pylon  
  63  10:17  Photon Cannon  
  63  10:34  Tempest x2  
  75  11:02  Photon Cannon  
  75  11:04  Photon Cannon  
  75  11:17  Tempest (Chrono Boost)  
  81  11:37  Tempest (Chrono Boost)  
  87  12:08  Gateway  
  87  12:11  Photon Cannon  
  87  12:12  Photon Cannon  
  93  13:36  Cybernetics Core  
  87  14:14  Cybernetics Core  
  87  14:18  Pylon  
  87  14:24  Probe  
  88  14:38  Probe  
  89  14:51  Nexus  
  89  14:52  Pylon  
  89  14:58  Mothership  
  97  16:11  Assimilator  
  97  16:16  Assimilator  
Show
View Real Time Build Order
Export as new Build Order

KeNnY Zerg 

Build Orders: Hatch First, Roach Nydus 

Get SALT Encoding   

  12  0:01  Drone  
  13  0:12  Overlord  
  13  0:17  Drone  
  14  0:32  Drone x2  
  14  0:35  Drone  
  17  0:56  Hatchery  
  16  0:57  Drone  
  16  0:58  Drone  
  16  1:01  Extractor  
  17  1:07  Drone  
  18  1:18  Spawning Pool  
  18  1:21  Drone  
  18  1:31  Drone  
  19  1:39  Overlord  
  20  2:15  Hatchery, Zergling x6  
  22  2:16  Queen  
  21  2:52  Lair  
  21  2:58  Drone x3  
  24  2:59  Extractor  
  23  3:16  Drone  
  24  3:29  Overlord  
  24  3:30  Drone  
  25  3:35  Queen  
  27  3:47  Roach Warren  
  26  3:50  Nydus Network  
  25  3:56  Drone x3  
  28  4:26  Roach  
  28  4:27  Roach x5  
  28  4:29  Queen  
  42  4:33  Overlord  
  42  4:41  Nydus Canal  
  41  4:59  Roach x3  
  43  5:16  Roach x4  
  51  5:36  Overlord  
  51  6:00  Drone  
  51  6:01  Queen, Drone x4  
  51  6:03  Roach  
  60  6:05  Overlord  
  60  6:24  Drone  
  60  6:25  Drone  
  62  6:26  Queen  
  64  6:37  Queen  
  66  7:02  Queen  
  68  7:21  Overlord x2  
  66  7:23  Spore Crawler  
  66  7:25  Spore Crawler  
  66  7:27  Spore Crawler  
  61  7:39  Queen  
  59  8:01  Drone  
  60  8:12  Hydralisk Den  
  59  8:14  Queen  
  55  8:50  Queen  
  41  9:23  Spore Crawler  
  39  9:25  Hydralisk x9  
  39  9:26  Queen, Spore Crawler  
  39  9:29  Muscular Augments  
  55  10:52  Overlord  
  55  11:26  Hatchery  
  54  11:38  Hatchery  
  31  12:03  Hydralisk x6  
  31  12:04  Hydralisk x2  
  43  12:46  Hydralisk x2  
  43  12:47  Hydralisk x2  
  47  13:24  Queen  
  30  14:12  Hydralisk  
  30  14:13  Hydralisk x6  
  36  15:03  Hatchery  
  35  15:20  Hydralisk x2  
Tags
 
Add a new tag
Caveats
  • Supply blocks, unpowered buildings, or Contaminate may cause inaccurate times.
  • Supply counts are checked every 10 seconds.